 Dungeon Crawl Stone Soup version 0.26-a0-712-ga5a9c9c9d0 (webtiles) character file.

Game seed: 9552878166074879150

37 kae the Insei (level 3, -4/23 HPs)
             Began as an Octopode Transmuter on Nov 10, 2020.
             Slain by a hobgoblin
             ... wielding a +0 mace
              (7 damage)
             ... on level 2 of the Dungeon.
             The game lasted 00:00:28 (1287 turns).

kae the Insei (Octopode Transmuter)                 Turns: 1287, Time: 00:00:29

Health: -4/23      AC:  1    Str: 10    XL:     3   Next: 39%
Magic:  5/6        EV: 13    Int: 15    God:
Gold:   91         SH:  0    Dex: 12    Spells: 5/6 levels left

rFire    . . .     SeeInvis .     - Unarmed
rCold    . . .     Faith    .   (no shield)
rNeg     . . .     Spirit   .   (helmet currently unavailable)
rPois    .         Reflect  .   (no amulet)
rElec    .         Harm     .   (no ring)
rCorr    .         Rampage  .   (no ring)
MR       .....                  (no ring)
Stlth    ++........             (no ring)
HPRegen  0.07/turn              (no ring)
MPRegen  0.10/turn              (no ring)
                                (no ring)
                                (no ring)

@: appendages (expiring), slowed, very slow
A: almost no armour, stealthy swim, amphibious, 8 rings, constrict 8, tentacle
spike 3, camouflage 1, gelatinous body 1
a: End Transformation


You were on level 2 of the Dungeon.
One of your tentacles had a temporary spike.
You visited 1 branch of the dungeon, and saw 2 of its levels.

You collected 91 gold pieces.

Inventory:

Jewellery
 h - an uncursed amulet of the acrobat {unknown}
Scrolls
 a - a scroll of noise {unknown}
 c - 6 scrolls of identify {unknown}
 d - 2 scrolls of remove curse {unknown}
 e - a scroll of enchant weapon {unknown}
Potions
 b - 2 potions of brilliance {unknown}
 f - a potion of curing {unknown}
 g - a potion of might {unknown}


   Skills:
 + Level 1.4 Fighting
 + Level 2.3 Dodging
 * Level 3.4 Unarmed Combat
 + Level 2.2 Spellcasting
 * Level 2.5 Transmutations


You had 5 spell levels left.
You knew the following spells:

 Your Spells              Type           Power        Failure   Level
a - Beastly Appendage     Tmut           #.....       8%          1

Your spell library contained the following spells:

 Spells                   Type           Power        Failure   Level
 Wereblood                Tmut           #.......     12%         2
 Spider Form              Tmut/Pois      #.........   36%         3
 Ice Form                 Ice/Tmut       #.......     78%         4
 Blade Hands              Tmut           #.........   91%         5


Dungeon Overview and Level Annotations

Branches:
Dungeon (2/15)

Altars:

Annotations:
D:2 Jessica, Natasha


Innate Abilities, Weirdness & Mutations

You cannot wear most types of armour.
You are very stealthy in the water. (Stealth+)
You are amphibious.
You can wear up to eight rings at the same time.
You can use your tentacles to constrict eight enemies at once.
Your skin changes colour to match your surroundings (Stealth+).
Your rubbery body absorbs attacks. (AC +1, EV +1)
One of your tentacles bears a large vicious spike.


Message History

A hobgoblin comes into view. It is wielding a +0 mace.
Your transformation is almost over.
The hobgoblin shouts!
Jessica drinks a potion.
Jessica seems to speed up.
Natasha misses you.
Found a club.
You see here a +0 short sword.
You barely miss Natasha. Your grab misses Natasha.
You pierce Natasha.
Natasha is moderately wounded.
Jessica casts a spell at you. Pain shoots through your body!
Natasha closely misses you. Natasha claws you!
* * * LOW HITPOINT WARNING * * *
You closely miss Natasha. Your grab misses Natasha.
Natasha is moderately wounded.
Jessica mumbles some strange words.
Jessica blinks!
Natasha casts a spell.
Okay, then.
The hobgoblin barely misses you. Natasha closely misses you.
The hobgoblin hits you with a +0 mace!
You die...

## #.##.. ..
....... #.#.#.#
...#.### #@.#...
#..#.###)#
#.5......#
##h#g####
#..@.##.###
#.....#...
#.....#.#####
.....#.....#...#
#+###..........#
#.#.#[##.###
#..>#...†#
##########


You could see Natasha, a white imp (summoned), Jessica (fast) and a hobgoblin.

Vanquished Creatures
  A worm (D:2)
  A leopard gecko (D:1)
  3 giant cockroaches (D:1)
  3 goblins (D:1)
  2 hobgoblins
  4 jackals (D:1)
  6 kobolds
  A ball python (D:2)
  4 bats (D:1)
  3 frilled lizards (D:1)
  4 rats (D:1)
32 creatures vanquished.

Notes
Turn   | Place    | Note
-------+----------+-------------------------------------------
     0 | D:1      | kae the Octopode Transmuter began the quest for the Orb.
     0 | D:1      | Reached XP level 1. HP: 13/13 MP: 3/3
   456 | D:1      | Reached XP level 2. HP: 16/18 MP: 5/5
   872 | D:1      | Reached XP level 3. HP: 21/23 MP: 6/6
  1279 | D:2      | Noticed Natasha
  1283 | D:2      | Noticed Jessica
  1287 | D:2      | Slain by a hobgoblin

Illustrated notes

Levels and vault maps discovered:
D:1:      dpeg_arrival_rhombus, layout_loops_ring
D:2:      layout_basic, nicolae_overflow_quartered_altars, st_stairs_5,
          nicolae_tso_swordbearing_angel, uniq_jessica, uniq_natasha

Action                   || total
-------------------------++-------
Melee: Unarmed           ||    62
       Constrict         ||    15
       Kick              ||     4
       Tentacles         ||     7
       Punch             ||     1
 Cast: Beastly Appendage ||     8
 Stab: Sleeping          ||     9
Armor: Skin              ||     2
Dodge: Dodged            ||    29

Table legend: (Time is in decaauts)
 A = Elapsed time spent in this place.
 B = Non-inter-level travel time spent in this place.
 C = Inter-level travel time spent in this place.
 D = Time resting spent in this place.
 E = Time spent auto-exploring this place.
 F = Levels seen in this place.
 G = Mean time per level.
                   A        B        C        D        E       F      G
               +--------+--------+--------+--------+--------+-----+--------+
         Total |   1284 |   1270 |     14 |      0 |   1085 |   2 |  642.0 |
       Dungeon |   1284 |   1270 |     14 |      0 |   1085 |   2 |  642.0 |
               +--------+--------+--------+--------+--------+-----+--------+

Top non-repeatable levels by time:
     D:1: 1146 daAuts
     D:2: 138 daAuts
